 Dungeon Crawl Stone Soup version 0.23.2 (webtiles) character file.

Game seed: 12901989621407367519

140 Borgoz the Cutter (level 5, 0/32 HPs)
             Began as a Kobold Gladiator on Apr 9, 2019.
             Killed by divine providence
             ... invoked by an orc priest
              (17 damage)
             ... on level 4 of the Dungeon.
             The game lasted 00:04:24 (2593 turns).

Borgoz the Cutter (Kobold Gladiator)                Turns: 2593, Time: 00:04:25

Health: 0/32       AC:  7    Str: 11    XL:     5   Next: 47%
Magic:  5/5        EV: 12    Int:  9    God:
Gold:   113        SH:  0    Dex: 18    Spells: 4/4 levels left

rFire    . . .     SeeInvis .   a - +0 rapier
rCold    . . .     Gourm    .   (shield restricted)
rNeg     . . .     Faith    .   k - +0 scale mail
rPois    .         Spirit   .   c - +0 helmet
rElec    .         Reflect  .   (no cloak)
rCorr    .         Harm     .   (no gloves)
MR       .....                  (no boots)
Stlth    ..........             (no amulet)
HPRegen  0.10/turn              (no ring)
MPRegen  0.09/turn              (no ring)

@: confused, drained
A: small, carnivore
a: no special abilities


You were on level 4 of the Dungeon.
You were very full.

You visited 1 branch of the dungeon, and saw 4 of its levels.

You collected 113 gold pieces.

Inventory:

Hand Weapons
 a - a +0 rapier (weapon)
Missiles
 d - 3 throwing nets (quivered)
 g - 2 tomahawks
 l - 12 bolts
Armour
 c - a +0 helmet (worn)
 k - a +0 scale mail (worn)
Wands
 e - a wand of flame (10)
Scrolls
 b - 2 scrolls of remove curse
 h - a scroll of amnesia {unknown}
 i - a scroll of blinking
 m - a scroll of fog
 n - 2 scrolls of teleportation {unknown}
Comestibles
 f - 4 rations


   Skills:
 + Level 3.0(2.0) Fighting
 + Level 4.9(3.8) Short Blades
 - Level 2.1(1.2) Throwing
 * Level 2.0(1.0) Armour
 + Level 4.3(3.3) Dodging
 + Level 2.6(1.6) Stealth


You had 4 spell levels left.
You didn't know any spells.
Your spell library was empty.

Dungeon Overview and Level Annotations

Branches:
Dungeon (4/15)
 Temple: D:4-7

Altars:
Fedhas
Makhleb
Nemelex Xobeh
Xom

Annotations:
D:3 Sigmund


Innate Abilities, Weirdness & Mutations

You are small and have problems with some larger weapons.
You are carnivorous and can eat meat at any time.


Message History

You hear some strange, mumbled words.
You are confused.
You are too confused!
You are too confused!
You are too confused!
You are too confused!
You are too confused!
The orc priest hits you but does no damage.
Something hits you but does no damage.
You hit the orc priest.
The orc priest is severely wounded.
The orc priest barely misses you.
You hear some strange, mumbled words.
A puff of flame appears from out of thin air!
The puff of flame hits you.
You aren't carrying any potions.
The orc priest calls down the wrath of Beogh upon you.
Beogh smites you!
Ouch! That really hurt!
You die...

##############
.[...........#
.............#
.............#
⌠.⌠..........#
._..####.....#
⌠ ##<....#
#@.....#
#......#
#.o....#
#......#
#......#
#......#
#......#
#......#
#......#


You could see an orc priest.

Vanquished Creatures
  2 worker ants
  4 adders (D:2)
  2 oozes
  A dart slug (D:2)
  2 leopard geckos
  3 orcs (D:3)
  A giant cockroach (D:1)
  5 goblins
  4 hobgoblins
  4 jackals (D:2)
  A ball python (D:3)
  5 bats
  2 frilled lizards
  4 kobolds
  8 rats
48 creatures vanquished.

Notes
Turn   | Place    | Note
-------+----------+-------------------------------------------
     0 | D:1      | Borgoz the Kobold Gladiator began the quest for the Orb.
     0 | D:1      | Reached XP level 1. HP: 12/12 MP: 1/1
    46 | D:1      | You fall through a shaft!
    46 | D:2      | Found a shimmering altar of Xom.
    52 | D:2      | Found a burning altar of Makhleb.
    70 | D:2      | Reached XP level 2. HP: 14/18 MP: 2/2
   121 | D:2      | Reached skill level 1 in Stealth
   121 | D:2      | Reached XP level 3. HP: 13/22 MP: 3/3
   325 | D:2      | Reached skill level 1 in Armour
   680 | D:1      | Reached XP level 4. HP: 15/27 MP: 4/4
  1568 | D:2      | Found a blossoming altar of Fedhas.
  1797 | D:3      | Noticed Sigmund
  2074 | D:4      | Reached XP level 5. HP: 21/32 MP: 5/5
  2158 | D:4      | Found a sparkling altar of Nemelex Xobeh.
  2593 | D:4      | Killed from afar by an orc priest

Skill      XL: |  1  2  3  4  5 |
---------------+----------------+-----
Stealth        | 1 2 |  2.6
Armour         | 1 2 |  2.0
Dodging        | 4 |  4.3
Fighting       | 3 |  3.0
Short Blades   | |  4.9
Throwing       | |  2.1

Action                   |  1- 3 |  4- 6 || total
-------------------------+-------+-------++-------
Melee: Rapier            |    41 |   106 ||   147
Throw: Throwing net      |     2 |       ||     2
  Use: Scroll            |       |     4 ||     4
       Potion            |       |     1 ||     1
 Stab: Held in net/web   |     1 |       ||     1
  Eat: Chunk             |     2 |    11 ||    13
Armor: Leather armour    |     7 |       ||     7
       Scale mail        |     5 |    38 ||    43
Dodge: Dodged            |    28 |    82 ||   110
